[Event "Titled Tuesday Blitz February 22 Early 2022"]
[White "Rodchenkov, Sergey D."]
[Black "Wagner, Dennis"]
[WhiteFideId "4168712"]
[BlackFideId "24650684"]
[WhiteElo "2306"]
[BlackElo "2355"]
[Result "1/2-1/2"]
[Round "02"]
[TimeControl "180+1"]
[Date "2022.02.22"]
[WhiteClock "0:00:18"]
[BlackClock "0:00:13"]

1. e4 e5 2. Nf3 Nc6 3. Bc4 Bc5 4. d3 Nf6 5. O-O d6 6. Nbd2 a6 7. a4 Ba7 8. c3 h6 9. a5 Nh5 10. Re1 Qf6 11. Nf1 Bg4 12. Be3 Bxf3 13. Qxf3 Qxf3 14. gxf3 Rf8 15. Ng3 Nxg3 16. hxg3 Bxe3 17. fxe3 Kd7 18. g4 Ne7 19. d4 f6 20. Kg2 c6 21. b4 d5 22. Bb3 dxe4 23. fxe4 Rad8 24. dxe5 fxe5 25. Rf1 Kc7 26. Rxf8 Rxf8 27. Rf1 Rxf1 28. Kxf1 Kd6 29. Ke2 Ng6 30. Bf7 Nf8 31. Kd3 Nh7 32. c4 Nf6 33. c5+ Ke7 34. Bg6 Kd8 35. Bf5 Kc7 36. Ke2 g5 37. Kd3 h5 38. gxh5 Nxh5 39. Bg4 Nf6 40. Bf5 Kb8 41. Ke2 Kc7 42. Kf2 Kd8 43. Kg3 Kc7 44. Kg2 Kb8 45. Kg3 Kc7 46. Kg2 Ng8 47. Kf3 Nf6 48. Kg2 1/2-1/2


[Site "https://www.chess.com"]

[Event "Titled Tuesday Blitz February 22 Early 2022"]
[White "Rodchenkov, Vitaly"]
[Black "Leiva, Gianmarco"]
[WhiteFideId "4152964"]
[BlackFideId "3804399"]
[WhiteElo "2337"]
[BlackElo "2328"]
[Result "1-0"]
[Round "02"]
[TimeControl "180+1"]
[Date "2022.02.22"]
[WhiteClock "0:00:41"]
[BlackClock "0:00:06"]

1. Nf3 d5 2. c4 c6 3. Qa4 e6 4. d3 Nf6 5. g3 a6 6. Bg2 b5 7. Qc2 Nbd7 8. O-O Bb7 9. b3 Bc5 10. Bb2 Rc8 11. a4 O-O 12. Nbd2 Qb6 13. d4 Bb4 14. c5 Qc7 15. e4 dxe4 16. Nxe4 Nd5 17. Nd6 Rb8 18. axb5 cxb5 19. Rfc1 Qc6 20. Nxb7 Rxb7 21. h4 a5 22. Ng5 N7f6 23. Ne4 Nxe4 24. Bxe4 h6 25. h5 Ra7 26. Qe2 a4 27. Bd3 a3 28. Qe4 f5 29. Qe2 Rb8 30. Bxa3 Rxa3 31. Rxa3 Bxa3 32. Ra1 b4 33. Bc4 Kf7 34. Re1 Rd8 35. Qf3 Bb2 36. g4 f4 37. Qe4 Bc3 38. Qg6+ Kf8 39. Rxe6 Qb7 40. Qe4 Nf6 41. Qxb7 1-0


[Site "https://www.chess.com"]

[Event "Titled Tuesday Blitz February 22 Early 2022"]
[White "Safarli, Eltaj"]
[Black "Potapova, Margarita"]
[WhiteFideId "13402129"]
[BlackFideId "14126869"]
[WhiteElo "2634"]
[BlackElo "2209"]
[Result "1-0"]
[Round "02"]
[TimeControl "180+1"]
[Date "2022.02.22"]
[WhiteClock "0:01:07"]
[BlackClock "0:00:04"]

1. e4 c5 2. Nc3 d6 3. Bb5+ Nd7 4. d4 cxd4 5. Qxd4 a6 6. Bxd7+ Bxd7 7. Nge2 Nf6 8. Bg5 e6 9. O-O-O h6 10. Bh4 Bc6 11. f4 Be7 12. Bxf6 Bxf6 13. Qxd6 Qxd6 14. Rxd6 Be7 15. Rd2 O-O 16. Nd4 Be8 17. e5 Bb4 18. Rd3 Rd8 19. Rhd1 Be7 20. Ne4 Bd7 21. Nb3 Bc6 22. Rxd8 Bxd8 23. Re1 Bb6 24. g3 Rd8 25. Nd6 f6 26. c3 fxe5 27. fxe5 Bf2 28. Re2 Bg1 29. Nd4 Bd5 30. b3 b5 31. Kc2 Rd7 32. Kd3 Re7 33. c4 bxc4+ 34. bxc4 Ba8 35. Rb2 Kh7 36. c5 Bd5 37. Rc2 Rc7 38. c6 g5 39. Ne8 Rc8 40. Nf6+ Kg6 41. Nxd5 exd5 42. c7 Kf7 43. Nf5 Ke6 44. Nd6 1-0


[Site "https://www.chess.com"]

[Event "Titled Tuesday Blitz February 22 Early 2022"]
[White "Sahil, Tickoo"]
[Black "Ferreira, Vitor Hugo Vieira"]
[WhiteFideId "5019710"]
[BlackFideId "2119765"]
[WhiteElo "2099"]
[BlackElo "2216"]
[Result "1-0"]
[Round "02"]
[TimeControl "180+1"]
[Date "2022.02.22"]
[WhiteClock "0:00:06"]
[BlackClock "0:00:04"]

1. d4 d5 2. c4 c6 3. cxd5 cxd5 4. Nc3 Nf6 5. f3 Nc6 6. e4 e6 7. e5 Nd7 8. f4 Be7 9. Nf3 O-O 10. Bd3 f6 11. Ng5 fxg5 12. Qh5 h6 13. Qg6 Rxf4 14. Bxf4 gxf4 15. Qxe6+ Kh8 16. Qg6 Nf8 17. Qh5 Bh4+ 18. g3 fxg3 19. O-O gxh2+ 20. Kxh2 Bg5 21. Rxf8+ Qxf8 22. Rf1 Bf4+ 23. Kh1 g5 24. Qg6 Qg7 25. Qe8+ Qg8 26. Qh5 Qf8 27. Qg6 Qg7 28. Qe8+ Qg8 29. Qh5 Kg7 30. Qg6+ Kf8 31. Qf6+ Ke8 32. Bg6+ Qxg6 33. Qxg6+ Kd8 34. Qg8+ Kc7 35. Nxd5+ Kd7 36. Qf7+ Kd8 37. e6 Bd6 38. Qg8+ 1-0


[Site "https://www.chess.com"]

[Event "Titled Tuesday Blitz February 22 Early 2022"]
[White "Sailer, Mike"]
[Black "Chernomordik, Pavel"]
[WhiteFideId "2012901"]
[BlackFideId "2804530"]
[WhiteElo "2109"]
[BlackElo "2249"]
[Result "0-1"]
[Round "02"]
[TimeControl "180+1"]
[Date "2022.02.22"]
[WhiteClock "0:00:01"]
[BlackClock "0:00:41"]

1. d4 g6 2. Nf3 Bg7 3. Bf4 d6 4. e3 Nd7 5. Be2 e5 6. Bg3 Qe7 7. c4 c6 8. Nc3 Nh6 9. h3 O-O 10. O-O f5 11. b4 g5 12. b5 e4 13. Nd2 f4 14. exf4 gxf4 15. Bh2 f3 16. gxf3 Bxd4 17. Ndxe4 Be5 18. Nxd6 Bxc3 19. Nxc8 Raxc8 20. Bd6 Qg7+ 21. Kh1 Rf6 22. Rg1 Rg6 23. Rxg6 hxg6 24. Rc1 Nf5 25. Bf4 Nc5 26. Qc2 Nd4 27. Qxc3 Nxe2 28. Qb4 Nd3 29. Qd6 Nexf4 30. Rd1 Nxf2+ 0-1


[Site "https://www.chess.com"]

[Event "Titled Tuesday Blitz February 22 Early 2022"]
[White "Samunenkov, Ihor"]
[Black "Srdanovic, Jovana"]
[WhiteFideId "14187086"]
[BlackFideId "954810"]
[WhiteElo "2406"]
[BlackElo "2059"]
[Result "1-0"]
[Round "02"]
[TimeControl "180+1"]
[Date "2022.02.22"]
[WhiteClock "0:01:12"]
[BlackClock "0:01:18"]

1. e4 c5 2. Nf3 e6 3. d4 cxd4 4. Nxd4 a6 5. c4 Nf6 6. Nc3 d6 7. Be2 Be7 8. O-O O-O 9. Be3 Qc7 10. Rc1 b6 11. f4 Bb7 12. Bf3 Nbd7 13. f5 Nc5 14. fxe6 fxe6 15. b4 e5 16. bxc5 exd4 17. cxb6 Qxb6 18. Bxd4 Qa5 19. Qe2 Rac8 20. Nd5 Bxd5 21. exd5 Rfe8 22. Bg4 Rb8 23. Be6+ Kh8 24. Bf7 1-0


[Site "https://www.chess.com"]

[Event "Titled Tuesday Blitz February 22 Early 2022"]
[White "Sanchez Alvares, Kelvin Antonio"]
[Black "Nugumanov, Bakhtiyar"]
[WhiteFideId "3906680"]
[BlackFideId "13701797"]
[WhiteElo "2193"]
[BlackElo "2262"]
[Result "1-0"]
[Round "02"]
[TimeControl "180+1"]
[Date "2022.02.22"]
[WhiteClock "0:00:25"]
[BlackClock "0:00:01"]

1. d4 d5 2. c4 e6 3. Nf3 Nf6 4. Nc3 a6 5. Bg5 dxc4 6. e4 b5 7. e5 h6 8. Bh4 g5 9. exf6 gxh4 10. Ne5 Qxf6 11. a4 Bb7 12. axb5 Bb4 13. bxa6 Bxc3+ 14. bxc3 Nxa6 15. Qb1 Bc8 16. Qb5+ Kf8 17. Bxc4 Kg7 18. O-O Rb8 19. Qa5 Ra8 20. f4 Rd8 21. Qb5 h3 22. Qc6 Ra7 23. Bxa6 Bxa6 24. Rxa6 Rd6 25. Rxa7 Rxc6 26. Nxc6 Qg6 27. Ra2 Qe4 28. Ne5 f6 29. Nf3 1-0


[Site "https://www.chess.com"]

[Event "Titled Tuesday Blitz February 22 Early 2022"]
[White "Sanchez, Robert"]
[Black "Przybylski, Wojciech"]
[WhiteFideId "2034360"]
[BlackFideId "1117599"]
[WhiteElo "2291"]
[BlackElo "2133"]
[Result "0-1"]
[Round "02"]
[TimeControl "180+1"]
[Date "2022.02.22"]
[WhiteClock "0:00:47"]
[BlackClock "0:00:04"]

1. e4 e5 2. Nf3 Nc6 3. Bb5 Nf6 4. d3 Bc5 5. Nc3 O-O 6. a3 h6 7. h3 a6 8. Bc4 b5 9. Ba2 Bb7 10. g4 Nd4 11. g5 Nh7 12. g6 Nf6 13. Bxf7+ Kh8 14. Rg1 Ng8 15. Nxd4 Bxd4 16. Qf3 Qh4 17. Ne2 d5 18. Rg4 dxe4 19. Rxh4 exf3 20. Nxd4 exd4 21. Rxd4 Nf6 22. Bf4 c5 23. Rd6 Rad8 24. Rxf6 gxf6 25. Bxh6 Rfe8+ 26. Bxe8 Rxe8+ 27. Kf1 Bc8 28. Be3 Kg7 29. Bxc5 Bxh3+ 30. Kg1 Kxg6 31. Be3 Bg2 32. Kh2 Kf5 0-1


[Site "https://www.chess.com"]

[Event "Titled Tuesday Blitz February 22 Early 2022"]
[White "Sargissyan, Sargis"]
[Black "Korchmar, Vasiliy"]
[WhiteFideId "13303210"]
[BlackFideId "24131750"]
[WhiteElo "2174"]
[BlackElo "2370"]
[Result "0-1"]
[Round "02"]
[TimeControl "180+1"]
[Date "2022.02.22"]
[WhiteClock "0:00:01"]
[BlackClock "0:01:21"]

1. e4 c5 2. Nf3 d6 3. d4 cxd4 4. Nxd4 Nf6 5. Nc3 Nc6 6. Bg5 e6 7. Qd2 a6 8. O-O-O h6 9. Nxc6 bxc6 10. Bf4 d5 11. Qe3 Bb4 12. Be2 O-O 13. e5 Nd7 14. Qg3 Qc7 15. Bxh6 Qxe5 16. Bf4 Qf6 17. Bg5 Qg6 18. h4 f6 19. Bd3 Qh5 20. Be2 Qg6 21. Bd3 Qh5 22. Be2 Qf7 23. Bd2 Nc5 24. a3 Bxc3 25. Qxc3 Ne4 26. Qf3 Rb8 27. Bd3 f5 28. h5 Qf6 29. c3 Nc5 30. Bc2 e5 31. Be3 Nb3+ 32. Bxb3 Rxb3 33. h6 f4 34. hxg7 Qxg7 35. Bc5 Bg4 36. Qd3 Rfb8 37. Rd2 Qf7 38. Bb4 a5 39. Bxa5 Bf5 40. Qa6 Rxa3 41. Rdd1 Ra1+ 42. Kd2 Rxb2+ 43. Ke1 Rxd1+ 44. Kxd1 Rb1+ 45. Kd2 Rxh1 46. Qxc6 Rb1 47. Bb4 d4 48. cxd4 Qa2+ 0-1


[Site "https://www.chess.com"]

[Event "Titled Tuesday Blitz February 22 Early 2022"]
[White "Sargsyan, Anna M."]
[Black "Oparin, Grigoriy"]
[WhiteFideId "13308130"]
[BlackFideId "24125890"]
[WhiteElo "2271"]
[BlackElo "2685"]
[Result "0-1"]
[Round "02"]
[TimeControl "180+1"]
[Date "2022.02.22"]
[WhiteClock "0:00:11"]
[BlackClock "0:00:19"]

1. e4 e5 2. Nf3 Nc6 3. Bc4 Nf6 4. d3 h6 5. Nbd2 g5 6. c3 Bg7 7. Nf1 g4 8. N3d2 d5 9. exd5 Nxd5 10. Ng3 h5 11. Qb3 Na5 12. Qa4+ Nc6 13. Qb3 Nce7 14. Nde4 h4 15. Ne2 c6 16. a4 f5 17. Nc5 b6 18. Na6 Qd6 19. Bg5 f4 20. Bxe7 Nxe7 21. Nb4 f3 22. gxf3 gxf3 23. Ng1 Qg6 24. Nxf3 Qg2 25. Rg1 Qxf3 26. Rxg7 Bg4 27. Kd2 Qxf2+ 28. Kc1 Qe1+ 29. Kc2 Qxa1 30. Bf7+ Kf8 31. Rxg4 Qf1 32. Be6 Rd8 33. Qc4 Rh6 34. Na6 Rf6 35. Kb3 Qxd3 36. Qxd3 Rxd3 37. Bc4 Rd2 38. Rxh4 Rff2 39. Nc7 Rxb2+ 40. Ka3 Nd5 41. Nxd5 cxd5 42. Bxd5 Rbc2 43. Rh3 Ke7 44. Bb3 Rcd2 45. Rh7+ Kd6 46. Rxa7 Rxh2 47. Rb7 e4 48. Rxb6+ Ke5 49. a5 e3 50. a6 Rh1 51. Kb4 Ra1 52. Kc5 e2 53. Re6+ Kf4 54. Bd5 Rxa6 55. Rxe2 Rxe2 56. Bc4 Re5+ 57. Kd4 Rd6+ 0-1


[Site "https://www.chess.com"]

[Event "Titled Tuesday Blitz February 22 Early 2022"]
[White "Sarkar, Justin"]
[Black "Carlsson, Ludvig"]
[WhiteFideId "2010011"]
[BlackFideId "1727010"]
[WhiteElo "2038"]
[BlackElo "2178"]
[Result "0-1"]
[Round "02"]
[TimeControl "180+1"]
[Date "2022.02.22"]
[WhiteClock "0:00:01"]
[BlackClock "0:02:19"]

1. e4 e5 2. f4 Nf6 3. fxe5 Nxe4 4. Nf3 Ng5 5. d4 Nxf3+ 6. Qxf3 Qh4+ 7. Qf2 Qxf2+ 8. Kxf2 Nc6 9. Be3 d6 10. exd6 Bxd6 11. Nc3 O-O 12. Nb5 Bf5 13. c3 Rfe8 14. Nxd6 cxd6 15. Bc4 Rac8 16. Bd5 Be4 17. Bxe4 Rxe4 18. Rhe1 d5 19. Bd2 Rce8 20. Rxe4 Rxe4 21. a4 Na5 22. Rd1 f5 23. g3 Kf7 24. Bf4 h6 25. h4 g6 26. Bxh6 Nc4 27. b3 Nd6 28. Bf4 Ne8 29. Re1 Nf6 30. Rd1 Ke6 31. Rd3 a6 32. c4 Ng4+ 33. Kf3 Re1 34. c5 Rf1+ 35. Ke2 Rf2+ 36. Ke1 Rb2 37. Bc7 Kd7 38. Ba5 Kc6 39. Bd2 Nf6 40. b4 Ne4 41. Bf4 Ra2 42. b5+ axb5 43. axb5+ Kxb5 44. Rb3+ Kc4 45. Rxb7 Kd3 46. Kf1 Kxd4 47. c6 Nd2+ 0-1


[Site "https://www.chess.com"]

[Event "Titled Tuesday Blitz February 22 Early 2022"]
[White "Serikbay, Assel"]
[Black "Manukian, Artak"]
[WhiteFideId "13706799"]
[BlackFideId "13301373"]
[WhiteElo "2130"]
[BlackElo "2469"]
[Result "0-1"]
[Round "02"]
[TimeControl "180+1"]
[Date "2022.02.22"]
[WhiteClock "0:00:41"]
[BlackClock "0:00:45"]

1. d4 Nf6 2. c4 e6 3. g3 d5 4. Nf3 dxc4 5. Bg2 c5 6. O-O Nc6 7. Ne5 Nxe5 8. dxe5 Qxd1 9. Rxd1 Nd7 10. Na3 Nxe5 11. Nb5 Rb8 12. Nxa7 Bd7 13. a4 f6 14. Nb5 Bc6 15. Nc7+ Kf7 16. f4 Bxg2 17. Kxg2 Nc6 18. Rd7+ Be7 19. Be3 Rhd8 20. Rad1 Nd4 21. Rxd8 Rxd8 22. Kf2 f5 23. Nb5 Nxb5 24. Rxd8 Bxd8 25. axb5 b6 26. Ke1 Bf6 27. Bc1 e5 28. fxe5 Bxe5 29. Kd2 Ke6 30. Kc2 h6 31. b3 cxb3+ 32. Kxb3 Kd5 33. Bd2 g5 34. Bc1 f4 35. gxf4 Bxf4 36. Bb2 Bxh2 37. Bg7 h5 38. Bf6 g4 39. Bd8 g3 40. Bxb6 g2 0-1


[Site "https://www.chess.com"]

[Event "Titled Tuesday Blitz February 22 Early 2022"]
[White "Shahaliyev, Ismayil"]
[Black "Wartiovaara, Oliver"]
[WhiteFideId "13406388"]
[BlackFideId "513024"]
[WhiteElo "2105"]
[BlackElo "1971"]
[Result "1-0"]
[Round "02"]
[TimeControl "180+1"]
[Date "2022.02.22"]
[WhiteClock "0:00:24"]
[BlackClock "0:00:10"]

1. d4 Nf6 2. Nf3 g6 3. g3 Bg7 4. Bg2 O-O 5. O-O d6 6. a4 Nbd7 7. a5 a6 8. c4 e5 9. d5 e4 10. Nd4 Re8 11. Nc3 Qe7 12. Ra4 Nc5 13. Ra3 Ng4 14. b4 Qe5 15. bxc5 Qxd4 16. cxd6 e3 17. f3 Nf2 18. Qxd4 Bxd4 19. dxc7 Re7 20. Nd1 Nh3+ 21. Kh1 Rxc7 22. Nxe3 Bd7 23. Rd3 Bxe3 24. Bxe3 Re8 25. g4 1-0


[Site "https://www.chess.com"]

[Event "Titled Tuesday Blitz February 22 Early 2022"]
[White "Shevtchenko, Olesya"]
[Black "Kuzmin, Roman"]
[WhiteFideId "24131890"]
[BlackFideId "44134932"]
[WhiteElo "2003"]
[BlackElo "1978"]
[Result "0-1"]
[Round "02"]
[TimeControl "180+1"]
[Date "2022.02.22"]
[WhiteClock "0:00:58"]
[BlackClock "0:00:40"]

1. e4 c5 2. Nf3 d6 3. d4 cxd4 4. Nxd4 Nf6 5. Nc3 a6 6. Be3 e5 7. Nb3 Be6 8. h3 h5 9. Qf3 Be7 10. O-O-O Nbd7 11. Kb1 b5 12. Nd5 Bxd5 13. exd5 Qc7 14. Be2 b4 15. g4 e4 16. Qg2 Nb6 17. g5 Nfxd5 18. Qxe4 Nxe3 19. Qxe3 O-O 20. g6 Bf6 21. Bxh5 Nc4 22. gxf7+ Kh8 23. Qe6 Bxb2 24. Rd3 Na3+ 25. Kxb2 Qxc2+ 26. Ka1 Qxd3 27. Bg6 Qc3# 0-1


[Site "https://www.chess.com"]

[Event "Titled Tuesday Blitz February 22 Early 2022"]
[White "Shohat, Yotam"]
[Black "Zanette, Edgard Vinicius"]
[WhiteFideId "2813955"]
[BlackFideId "2109263"]
[WhiteElo "2119"]
[BlackElo "2182"]
[Result "1-0"]
[Round "02"]
[TimeControl "180+1"]
[Date "2022.02.22"]
[WhiteClock "0:02:28"]
[BlackClock "0:00:45"]

1. e4 e5 2. f4 exf4 3. Bc4 Nf6 4. Nc3 d6 5. d4 g5 6. h4 Bh6 7. hxg5 Bxg5 8. Nf3 Ng4 9. Nxg5 Qxg5 10. Qf3 Nc6 11. Bxf4 Nxd4 12. Bxg5 Nxf3+ 13. gxf3 Ne5 14. Bb5+ c6 15. Be2 Be6 16. O-O-O h5 17. Rxd6 1-0


[Site "https://www.chess.com"]

[Event "Titled Tuesday Blitz February 22 Early 2022"]
[White "Shton, Roman"]
[Black "Coto Mederos, Michel"]
[WhiteFideId "14137461"]
[BlackFideId "3508528"]
[WhiteElo "2038"]
[BlackElo "2427"]
[Result "0-1"]
[Round "02"]
[TimeControl "180+1"]
[Date "2022.02.22"]
[WhiteClock "0:00:53"]
[BlackClock "0:01:40"]

1. d4 d5 2. Nf3 Nf6 3. g3 e6 4. Bg2 c5 5. O-O Be7 6. c4 Nc6 7. cxd5 exd5 8. Nc3 O-O 9. Bg5 cxd4 10. Nxd4 Bg4 11. h3 Bh5 12. Nf5 Qb6 13. Bxf6 Bxf6 14. Nxd5 Qxb2 15. Rb1 Qe5 16. e4 Bxd1 0-1


[Site "https://www.chess.com"]

[Event "Titled Tuesday Blitz February 22 Early 2022"]
[White "Shuvalov, Evgenij"]
[Black "Szpar, Milosz"]
[WhiteFideId "4187237"]
[BlackFideId "1184989"]
[WhiteElo "2119"]
[BlackElo "2447"]
[Result "0-1"]
[Round "02"]
[TimeControl "180+1"]
[Date "2022.02.22"]
[WhiteClock "0:00:13"]
[BlackClock "0:00:41"]

1. Nf3 c5 2. c4 Nf6 3. g3 e6 4. Bg2 d5 5. cxd5 exd5 6. d4 Nc6 7. Nc3 cxd4 8. Nxd4 Bc5 9. Nb3 Bb6 10. O-O d4 11. Na4 O-O 12. Bg5 Re8 13. Nxb6 axb6 14. Bxc6 bxc6 15. Nxd4 h6 16. Be3 Bh3 17. Re1 c5 18. Nf3 Qc7 19. b4 Rad8 20. Qc2 Nd5 21. Bd2 c4 22. a4 c3 23. Bc1 Nxb4 24. Qb3 Qc6 25. Be3 Nd5 26. Bd4 Nf4 27. Be3 Nxe2+ 28. Rxe2 Qxf3 0-1


[Site "https://www.chess.com"]

[Event "Titled Tuesday Blitz February 22 Early 2022"]
[White "Singh, Arvinder Preet"]
[Black "Matinian, Nikita"]
[WhiteFideId "5013240"]
[BlackFideId "24129100"]
[WhiteElo "2147"]
[BlackElo "2422"]
[Result "0-1"]
[Round "02"]
[TimeControl "180+1"]
[Date "2022.02.22"]
[WhiteClock "0:00:23"]
[BlackClock "0:01:46"]

1. e4 c5 2. Nf3 d6 3. d4 cxd4 4. Nxd4 Nf6 5. Nc3 g6 6. Be3 Nc6 7. Be2 Bg7 8. O-O O-O 9. f4 Qb6 10. Nf5 Qxb2 11. Na4 Qa3 12. c3 Nxe4 13. Bc1 Nxc3 14. Bxa3 Nxd1 15. Nxg7 Ne3 16. Rf3 Nc2 17. Bb2 Nxa1 18. Bxa1 f6 19. Nh5 gxh5 20. f5 Ne5 21. Rg3+ Kh8 22. Bxh5 Bxf5 23. Bxe5 dxe5 24. Nc3 Rac8 25. Nd5 Rc1+ 26. Kf2 Rc2+ 27. Kf1 e6 28. Ne3 Rc1+ 29. Ke2 Rd8 30. Nxf5 exf5 31. Bf7 f4 32. Rg4 Rc2+ 33. Kf3 f5 34. h4 Rd3# 0-1


[Site "https://www.chess.com"]

[Event "Titled Tuesday Blitz February 22 Early 2022"]
[White "Siva Mahadevan"]
[Black "Volkov, Maksim"]
[WhiteFideId "25043153"]
[BlackFideId "54123070"]
[WhiteElo "2203"]
[BlackElo "2081"]
[Result "1/2-1/2"]
[Round "02"]
[TimeControl "180+1"]
[Date "2022.02.22"]
[WhiteClock "0:00:18"]
[BlackClock "0:01:31"]

1. e4 c5 2. Nf3 d6 3. d4 cxd4 4. Nxd4 Nf6 5. Nc3 a6 6. Bg5 e6 7. f4 Be7 8. Qf3 Qc7 9. O-O-O Nbd7 10. Bd3 b5 11. Rhe1 Bb7 12. Qg3 b4 13. Nd5 exd5 14. exd5 Kd8 15. Nc6+ Bxc6 16. dxc6 Qxc6 17. Bxf6 Nxf6 18. Qxg7 Re8 19. Qxf7 Ra7 20. Rxe7 Raxe7 21. Qxf6 Qc5 22. Bxa6 Kc7 23. Qd4 Qxd4 24. Rxd4 Re4 25. Rxe4 Rxe4 26. g3 Re1+ 27. Kd2 Rh1 28. Bd3 Rxh2+ 29. Ke3 d5 30. a4 b3 31. cxb3 Rxb2 32. Bxh7 Rxb3+ 33. Kd4 Kd6 34. Bd3 Rb4+ 35. Ke3 Rxa4 36. g4 Ke6 37. g5 Ra3 38. f5+ Ke5 39. f6 d4+ 40. Ke2 Ra7 41. Kf3 Rf7 42. Bc4 Rxf6+ 43. gxf6 Kxf6 44. Ke4 d3 45. Kxd3 1/2-1/2


[Site "https://www.chess.com"]

[Event "Titled Tuesday Blitz February 22 Early 2022"]
[White "Sjugirov, Sanan"]
[Black "Goltsev, Dmitry"]
[WhiteFideId "4189302"]
[BlackFideId "24176710"]
[WhiteElo "2602"]
[BlackElo "2273"]
[Result "0-1"]
[Round "02"]
[TimeControl "180+1"]
[Date "2022.02.22"]
[WhiteClock "0:00:01"]
[BlackClock "0:00:06"]

1. e4 e6 2. d4 d5 3. Nd2 c5 4. Ngf3 Nf6 5. exd5 exd5 6. Bb5+ Bd7 7. Bxd7+ Nbxd7 8. O-O Be7 9. dxc5 Nxc5 10. Re1 O-O 11. Nf1 Nce4 12. Be3 Ng4 13. Bd4 Bf6 14. Re2 Re8 15. h3 Bxd4 16. Qxd4 Ngf6 17. Ne3 Qb6 18. Qxb6 axb6 19. c3 g6 20. a3 Nc5 21. Rd1 Rad8 22. Kf1 Kg7 23. Nd4 Nfe4 24. Nb5 Re5 25. Nc7 Nf6 26. Rd4 Rd7 27. Nb5 Nfe4 28. c4 dxc4 29. Nxc4 Rxd4 30. Nxd4 Rd5 31. Nf3 b5 32. Ne3 Rd3 33. Rc2 h5 34. Ke2 Rd7 35. Nd2 f5 36. Nxe4 Nxe4 37. h4 f4 38. Nf1 Kf6 39. f3 Nd6 40. Nd2 Nf5 41. Ne4+ Kg7 42. Rc5 Kh6 43. Kf2 Nd4 44. Rc8 Kg7 45. Rc5 Kh6 46. Nc3 Kg7 47. Nxb5 Nf5 48. Rc7 Rxc7 49. Nxc7 Kf6 50. Nd5+ Ke5 51. Nb4 Nxh4 52. Nd3+ Kf5 53. Nc5 b5 54. Ne4 g5 55. Nd6+ Ke5 56. Nxb5 g4 57. fxg4 hxg4 58. g3 Nf5 59. gxf4+ Kxf4 60. Nc3 g3+ 61. Kg1 Kf3 62. a4 g2 63. a5 Nd4 0-1


[Site "https://www.chess.com"]

[Event "Titled Tuesday Blitz February 22 Early 2022"]
[White "Slugin, Sergey"]
[Black "Johnson, Ben"]
[WhiteFideId "4122569"]
[BlackFideId "2010917"]
[WhiteElo "2358"]
[BlackElo "2206"]
[Result "1-0"]
[Round "02"]
[TimeControl "180+1"]
[Date "2022.02.22"]
[WhiteClock "0:01:57"]
[BlackClock "0:00:24"]

1. e4 c5 2. Nf3 Nc6 3. d4 cxd4 4. Nxd4 Nf6 5. Nc3 e5 6. Ndb5 d6 7. Bg5 a6 8. Na3 b5 9. Nd5 Be7 10. Bxf6 Bxf6 11. c4 b4 12. Nc2 O-O 13. h4 a5 14. g3 g6 15. Bh3 Bxh3 16. Rxh3 Rc8 17. Kf1 h5 18. Kg2 Bg7 19. b3 Ne7 20. Nxe7+ Qxe7 21. Ne3 f5 22. exf5 e4 23. Qd5+ Kh8 24. Rd1 Rc5 25. Qxd6 Qxd6 26. Rxd6 gxf5 27. Nd5 a4 28. Rh1 axb3 29. axb3 Ra8 30. Nxb4 f4 31. gxf4 Rf5 32. Nd5 Ra2 33. Ne7 Rxf4 34. Ng6+ 1-0


[Site "https://www.chess.com"]

[Event "Titled Tuesday Blitz February 22 Early 2022"]
[White "Srebrnic, Marko"]
[Black "Zhu, Jiner"]
[WhiteFideId "14603616"]
[BlackFideId "8608059"]
[WhiteElo "2340"]
[BlackElo "2281"]
[Result "0-1"]
[Round "02"]
[TimeControl "180+1"]
[Date "2022.02.22"]
[WhiteClock "0:00:26"]
[BlackClock "0:00:24"]

1. e4 e5 2. Nc3 Nf6 3. Bc4 Nc6 4. d3 Be7 5. f4 exf4 6. Bxf4 d6 7. Nf3 Be6 8. Bb5 O-O 9. O-O a6 10. Bxc6 bxc6 11. d4 Rb8 12. b3 d5 13. e5 Ne4 14. Ne2 c5 15. c3 Qd7 16. Be3 f5 17. exf6 Bxf6 18. Nf4 Nxc3 19. Qd3 Ne4 20. Nxe6 Qxe6 21. Rac1 cxd4 22. Bxd4 Bxd4+ 23. Qxd4 c5 24. Qe5 Rbe8 25. Qxe6+ Rxe6 26. Rfd1 d4 27. a3 Nc3 28. Re1 Rfe8 29. Rxe6 Rxe6 30. Re1 Rxe1+ 31. Nxe1 Ne2+ 32. Kf2 Nc1 33. b4 c4 34. a4 Kf7 35. b5 axb5 36. axb5 Ke6 37. Nf3 Kd5 38. b6 Nd3+ 39. Ke2 Nc5 40. Ng5 h6 41. Nh3 Kc6 42. Nf4 Kxb6 43. Nh5 Ne6 44. Ng3 Kc5 45. Nf5 Kb4 46. g3 Kc3 47. Kd1 d3 48. Nd6 Nc5 49. Nb5+ Kb4 50. Nd4 c3 51. Nc6+ Kc4 52. Ne5+ Kd4 53. Nf3+ Ke3 54. Ne1 c2+ 55. Nxc2+ dxc2+ 56. Kxc2 Kf3 57. Kc3 Kg2 58. Kd4 Nd7 59. g4 Kxh2 60. Kd5 Kg3 61. g5 hxg5 62. Ke6 g4 63. Kf5 Kf3 64. Ke6 g3 65. Kf7 g2 66. Kg8 g1=Q 0-1


[Site "https://www.chess.com"]

[Event "Titled Tuesday Blitz February 22 Early 2022"]
[White "Stanisz, Patryk"]
[Black "Klukin, Kirill"]
[WhiteFideId "1123106"]
[BlackFideId "24199273"]
[WhiteElo "1876"]
[BlackElo "2324"]
[Result "1-0"]
[Round "02"]
[TimeControl "180+1"]
[Date "2022.02.22"]
[WhiteClock "0:00:09"]
[BlackClock "0:00:03"]

1. Nf3 c5 2. g3 Nc6 3. Bg2 g6 4. O-O Bg7 5. c3 d6 6. d4 cxd4 7. cxd4 Nf6 8. Nc3 O-O 9. h3 Bf5 10. Nh4 Bd7 11. Nf3 Rc8 12. Be3 Bf5 13. Nh4 Bd7 14. Nf3 Nb4 15. Bg5 Nfd5 16. Nxd5 Nxd5 17. e4 Nb6 18. Rc1 Bc6 19. Re1 Qd7 20. Qd2 Bb5 21. b3 Rfe8 22. Kh2 Ba6 23. a4 Qe6 24. d5 Qd7 25. h4 Rxc1 26. Rxc1 Qg4 27. Qe3 Qd7 28. Bh3 Qd8 29. a5 Nd7 30. b4 b6 31. axb6 Nxb6 32. Qa3 Be2 33. Bg2 Qb8 34. Rc6 Nc4 35. Qc1 Bxf3 36. Bxf3 Ne5 37. Bg2 Nxc6 38. dxc6 Qxb4 39. c7 Rc8 40. Bxe7 Qb6 41. Bd8 Qxf2 42. Qf1 Qxf1 43. Bxf1 f5 44. Ba6 Rxc7 45. Bxc7 fxe4 46. Bxd6 Bf6 47. Bc5 Kg7 48. Bxa7 Be5 49. Be3 Kf6 50. Be2 Kf5 51. Kg2 h5 52. Kf2 Bd6 53. Bb5 Kf6 54. Ba6 Kf5 55. Bb7 Bc7 56. Ba8 Bb8 57. Bb7 Bd6 58. Bc6 Bc7 59. Bd4 Ke6 60. Be3 Kf5 61. Bb7 Bb8 62. Ba8 Bc7 63. Bd5 Bd6 64. Bf7 Bc7 65. Be8 Kf6 66. Bf4 Bb6+ 67. Ke2 Bc5 68. Bc6 Kf5 69. Bc7 Ba7 70. Bd6 Kf6 71. Bxe4 Bd4 72. Bf4 Bc3 73. Kf3 Bb2 74. Bh6 Kf7 75. Bg5 Be5 76. Bd5+ Kg7 77. Bf4 Bd4 78. Ke4 Bf2 79. Kf3 Bd4 80. Be3 Be5 81. Bc4 Kh7 82. Bf4 Bd4 83. Ke4 Bf2 84. Be6 Kg7 85. Kd5 Kh7 86. Kd6 Kg7 87. Ke7 Bc5+ 88. Ke8 Bd4 89. Bd5 Bc3 90. Be4 Bf6 91. Kd7 Bd4 92. Ke6 Bf2 93. Bd6 Be1 94. Be5+ Kh6 95. Kf7 g5 96. Bg7# 1-0


[Site "https://www.chess.com"]

[Event "Titled Tuesday Blitz February 22 Early 2022"]
[White "Steenbekkers, Franck"]
[Black "Gulevich, Artem"]
[WhiteFideId "1004220"]
[BlackFideId "24119580"]
[WhiteElo "2136"]
[BlackElo "2218"]
[Result "0-1"]
[Round "02"]
[TimeControl "180+1"]
[Date "2022.02.22"]
[WhiteClock "0:00:02"]
[BlackClock "0:00:17"]

1. e4 c5 2. Nf3 Nc6 3. Bb5 Qb6 4. Nc3 Nd4 5. Nd5 Qg6 6. Nxd4 Qxe4+ 7. Ne2 Qxd5 8. O-O e6 9. d4 cxd4 10. c4 Qc5 11. Nxd4 a6 12. Ba4 Nf6 13. Be3 Qc7 14. Re1 Be7 15. c5 O-O 16. b4 d5 17. Rc1 Bd7 18. Bb3 Rfe8 19. a4 a5 20. b5 Ne4 21. c6 bxc6 22. bxc6 Bc8 23. Nb5 Qd8 24. Qf3 Nd6 25. Bf4 Ba6 26. c7 Qd7 27. Qe2 Nxb5 28. axb5 Bxb5 0-1


[Site "https://www.chess.com"]